 Dungeon Crawl Stone Soup version 0.24-a0-416-g56ce5178b7 (webtiles) character file.

Game seed: 18382837373885520599

27 Lanoc the Skirmisher (level 3, -3/29 HPs)
             Began as a Formicid Monk on June 9, 2019.
             Slain by a worm (10 damage)
             ... on level 3 of the Dungeon.
             The game lasted 00:01:12 (685 turns).

Lanoc the Skirmisher (Formicid Monk)                 Turns: 685, Time: 00:01:13

Health: -3/29      AC:  2    Str: 15    XL:     3   Next: 25%
Magic:  3/3        EV: 13    Int:  9    God:
Gold:   7          SH:  0    Dex: 14    Spells: 2/2 levels left

rFire    . . .     SeeInvis +   a - +0 falchion
rCold    . . .     Gourm    .   (no shield)
rNeg     . . .     Faith    .   b - +0 robe
rPois    .         Spirit   .   (helmet unavailable)
rElec    .         Reflect  .   (no cloak)
rCorr    .         Harm     .   (no gloves)
MR       .....                  (no boots)
Stlth    ++........             (no amulet)
HPRegen  0.09/turn              (no ring)
MPRegen  0.08/turn              (no ring)

@: no status effects
A: permanent stasis, dig shafts and tunnels, four strong arms, antennae 3
a: Dig, Shaft Self


You were on level 3 of the Dungeon.
You were not hungry.

You visited 1 branch of the dungeon, and saw 3 of its levels.

You collected 7 gold pieces.

Inventory:

Hand Weapons
 a - a +0 falchion (weapon)
Armour
 b - a +0 robe (worn)
Potions
 d - a potion of curing {unknown}
Comestibles
 c - 2 rations


   Skills:
 + Level 3.5 Fighting
 * Level 3.5 Long Blades
 + Level 1.0 Armour
 + Level 2.9 Dodging
 - Level 2.4 Stealth


You had 2 spell levels left.
You didn't know any spells.
Your spell library was empty.

Dungeon Overview and Level Annotations

Branches:
Dungeon (3/15)

Altars:
Gozag

Annotations:
D:2 Sigmund


Innate Abilities, Weirdness & Mutations

You cannot be hasted, slowed, berserked, paralysed or teleported.
You can dig through walls and to a lower floor.
Your four strong arms can wield two-handed weapons with a shield.
You have a pair of large antennae on your head. (SInv)


Message History

You are too injured to fight recklessly!
You barely miss the worm.
The worm is moderately wounded.
You barely miss the worm.
The worm is moderately wounded.
The worm closely misses you.
You completely miss the worm.
The worm is moderately wounded.
The worm barely misses you.
You riposte.
You barely miss the worm.
The worm is moderately wounded.
You hit the worm.
The worm is heavily wounded.
You hit the worm but do no damage.
The worm is heavily wounded.
The worm bites you.
* * * LOW HITPOINT WARNING * * *
You hit the worm.
The worm is heavily wounded.
The worm bites you!
You die...

..# ..#. ##
..#.### .. #
..#....#.# .#
..#......##.#
..#.........#
..#.......#
.Z#....@.#
..#....w†#
..#........
..#.......##
###.....#.. {
.......#####
....<## ..###


You could see a worm and a howler monkey zombie.

Vanquished Creatures
  An adder (D:2)
  3 worms (D:2)
  2 dart slugs (D:2)
  A hobgoblin (D:1)
  A frilled lizard (D:3)
8 creatures vanquished.

Notes
Turn   | Place    | Note
-------+----------+-------------------------------------------
     0 | D:1      | Lanoc the Formicid Monk began the quest for the Orb.
     0 | D:1      | Reached XP level 1. HP: 18/18 MP: 1/1
   115 | D:2      | Found an opulent altar of Gozag.
   124 | D:2      | Reached XP level 2. HP: 10/24 MP: 2/2
   520 | D:2      | Reached skill level 1 in Armour
   520 | D:2      | Reached XP level 3. HP: 21/29 MP: 3/3
   527 | D:2      | Noticed Sigmund
   685 | D:3      | Slain by a worm

Levels and vault maps discovered:
D:1:      ebering_trefoil_3fold, layout_basic, minivault_11
D:2:      layout_basic, lemuel_doored_altar, first_ration,
          grunt_gozag_breadcrumbs, uniq_natasha, uniq_terence, uniq_sigmund
D:3:      layout_rooms, lemuel_coloured_pillars_altar,
          nicolae_overflow_hidden_temple, grunt_temple_overflow_open,
          gammafunk_ghost_mausoleum

Skill      XL: |  1  2 |
---------------+-------+-----
Armour         | 1 |  1.0
Fighting       | |  3.5
Long Blades    | |  3.5
Dodging        | |  2.9
Stealth        | |  2.4

Action                   || total
-------------------------++-------
Melee: Falchion          ||    53
 Stab: Sleeping          ||     1
Armor: Robe              ||     3
Dodge: Dodged            ||    26
       Rpst.: Falchion   ||    10

Table legend:
 A = Non-vault XP
 B = Vault XP
 C = Vault XP percentage of total XP
 D = Non-vault monster count
 E = Vault monster count
 F = Vault count percentage of total count
                 A         B        C        D         E       F
            +---------+---------+-------+---------+---------+-------
      Total |      39 |       0 |   0.0 |       8 |       0 |   0.0
            +---------+---------+-------+---------+---------+-------
        D:1 |       2 |       0 |   0.0 |       1 |       0 |   0.0
        D:2 |      36 |       0 |   0.0 |       6 |       0 |   0.0
        D:3 |       1 |       0 |   0.0 |       1 |       0 |   0.0
            +---------+---------+-------+---------+---------+-------
